 Dungeon Crawl Stone Soup version 0.31-a0-177-g4aa6249778 (webtiles) character file.

Game seed: 10278491684503268053

32371 qw the Cleaver (level 13, 0/83 HPs)
             Began as a Gargoyle Fighter on June 18, 2023.
             Was a Priest of Okawaru.
             Slain by a four-headed hydra (9 damage)
             ... summoned by a boggart
             ... on level 5 of the Lair of Beasts.
             The game lasted 00:07:12 (15597 turns).

qw the Cleaver (Gargoyle Fighter)                  Turns: 15597, Time: 00:07:13

Health: 0/83       AC: 38    Str: 23 (24) XL:     13   Next: 64%
Magic:  20/20      EV:  9    Int: 10      God:    Okawaru [***...]
Gold:   676        SH: 11    Dex:  8 (9)  Spells: 12/12 levels left

rFire   + . .        l - +0 flail
rCold   . . .        c - +0 buckler
rNeg    + . .        h - +0 plate armour
rPois   inf          r - +2 helmet
rElec   +            (no cloak)
rCorr   .            e - +2 pair of gloves
SInv    .            q - +1 pair of boots
Will    ++...        u - amulet of reflection Stlth
                     f - ring of protection from fire
HPRegen 0.33/turn    a - ring of willpower
MPRegen 0.17/turn

%: reflection
@: about to teleport, heroic
A: sickness immunity, AC +9, negative energy resistance 1, electricity
resistance, torment resistance 1, petrification resistance, iridescent scales 1,
deterioration 1, strong-willed 1, MP-powered wands
a: Renounce Religion, Heroism


You were on level 5 of the Lair of Beasts.
You worshipped Okawaru.
Okawaru was most pleased with you.
You visited 3 branches of the dungeon, and saw 16 of its levels.
You also visited: Sewer.

You collected 799 gold pieces.
You spent 123 gold pieces at shops.


Innate Abilities, Weirdness & Mutations

You are immune to sickness and miasma.
Your stone body is resilient. (AC +9)
You are immune to poison.
You resist negative energy. (rN+)
You are resistant to electric shocks. (rElec)
You are resistant to unholy torment.
You are immune to petrification.
You are partially covered in iridescent scales. (AC +2)
Your body sometimes deteriorates upon taking damage.
You are strong-willed. (Will+)
You expend magic power (3 MP) to strengthen your wands.


   Skills:
 + Level 10.4(15.4) Fighting
 - Level 14.0(19.0) Axes
 - Level 5.1(10.1) Throwing
 - Level 10.0(15.0) Armour
 - Level 2.0(7.0) Dodging
 - Level 6.8(11.8) Shields
 - Level 10.0 Invocations


You had 12 spell levels left.
You didn't know any spells.
Your spell library was empty.

Inventory:

Hand Weapons
 l - a +0 flail (weapon)
 Y - a +0 broad axe
Armour
 c - a +0 buckler (worn)
 e - a +2 pair of gloves (worn)
 h - a +0 plate armour (worn)
 q - a +1 pair of boots (worn)
 r - a +2 helmet (worn)
Jewellery
 a - a ring of willpower (right hand)
 f - a ring of protection from fire (left hand)
 u - an amulet of reflection (around neck)
Scrolls
 k - 2 scrolls of teleportation
 m - 8 scrolls of identify
Potions
 b - a potion of lignification
 d - 4 potions of might
 g - 4 potions of attraction
 i - 2 potions of enlightenment
 j - 4 potions of curing
 n - a potion of magic
 o - a potion of haste
 p - 2 potions of mutation

Dungeon Overview and Level Annotations

Branches:
Dungeon (10/15)            Temple (1/1) D:4            Lair (5/5) D:10
 Shoals (0/4) Lair:2        Snake (0/4) Lair:3        Slime (0/5) Lair:5
  Sewer (visited)
    Orc: D:9-12

Altars:
Ashenzari
Cheibriados
Dithmenos
Elyvilon
Fedhas
Gozag
Hepliaklqana
Kikubaaqudgha
Makhleb
Nemelex Xobeh
Okawaru
Qazlal
Ru
Sif Muna
Trog
Uskayaw
Vehumet
Wu Jian
Xom
Yredelemnul
Zin
The Shining One
Jiyva

Shops:
D:3 ?

Annotations:
D:3 1 transporter, qw's ghost, amateur NaHu
D:8 2 transporters
Lair:4 exclusion: oklob plant


Message History

You block the cane toad's attack.
You sock the cane toad!
The cane toad is moderately wounded.
You hear some strange, mumbled words.
The spriggan rider closely misses you.
You barely miss the yak. You block something's attack.
You thump the yak!
The yak is moderately wounded.
The spriggan rider hits you from afar with a +0 spear.
The yak completely misses you. The yak gores you but does no damage.
You block the four-headed hydra's attack.
The four-headed hydra barely misses you.
The four-headed hydra bites you!
The four-headed hydra bites you but does no damage.
Something hits you but does no damage.
You hit the yak but do no damage.
The yak is moderately wounded.
You block the spriggan rider's attack. The yak closely misses you.
The yak barely misses you. You block something's attack.
You bludgeon the yak!!
The yak is almost dead.
The four-headed hydra bites you but does no damage. x4
The spriggan rider hits you from afar with a +0 spear!
Your body deteriorates!
You feel weakened.
15596 ||| READING 3 scrolls of teleportation.
As you read the scroll of teleportation, it crumbles to dust.
You feel strangely unstable.
You hear some strange, mumbled words.
The yak barely misses you. x2; You block the yak's attack.
You block the four-headed hydra's attack. x2
The four-headed hydra bites you.
The four-headed hydra bites you but does no damage.
The spriggan rider hits you from afar with a +0 spear!
Your body deteriorates!
You feel clumsy.
You thump the yak!
You kill the yak!
The yak's corpse dissolves into shadows!
The yak gores you but does no damage. x2; The four-headed hydra bites you!
You die...

. 77 ..7.7 7....h
### #### 7...hF7
#.####P.P#
7.hiD###.#.PP.####.
7.h@Y............
777YY...........#
7Y...........#.
7..............#
7..............#
7..............#
7...............
................
..............#.


You could see a four-headed hydra (summoned), a spriggan rider, 2 polar bears, 4
yaks, a cane toad (summoned), a black bear and a wolf.

Vanquished Creatures
  Gastronok (D:8)
  4 hydras
  4 two-headed ogres (D:9)
  3 death yaks (Lair:2)
  6 black mambas
  A torpor snail (Lair:4)
  A cane toad (Lair:1)
  11 komodo dragons
  A troll (D:7)
  Grinder (D:6)
  A snapping turtle (Lair:2)
  3 hornets
  2 polar bears
  2 blink frogs (Lair:2)
  A vampire (D:9)
  A spriggan (Lair:5)
  A shadow (D:10)
  7 wyverns
  Eustachio (D:6)
  51 yaks
  3 fire bats (Lair:3)
  3 basilisks
  4 death yak simulacra (Lair:4)
  A steam dragon (D:9)
  4 vampire mosquitoes (D:9)
  14 water moccasins
  3 nagas (Lair:3)
  An acid dragon (D:9)
  Duvessa (D:7)
  An orc warrior (D:7)
  4 ice beasts
  A sky beast (D:6)
  4 wolves (Lair:5)
  A boggart (Lair:5)
  5 centaurs
  Blork the orc (D:4)
  A kobold brigand (D:9)
  15 bullfrogs
  4 scorpions
  7 wights
  Dowan (D:7)
  9 killer bees
  An electric eel (Lair:2)
  8 howler monkeys
  3 hounds
  A gnoll bouda (D:10)
  2 jellies (Lair:5)
  5 orc priests
  8 iguanas
  A sleepcap (D:4)
  8 orc wizards
  A wolf simulacrum (Lair:4)
  5 gnolls
  14 adders
  4 river rats
  A shadow imp (D:7)
  2 white imps
  A worm (D:2)
  3 dart slugs
  16 orcs
  14 ball pythons
  3 endoplasms
  3 giant cockroaches
  6 goblins
  3 hobgoblins
  5 quokkas
  4 bats
  12 frilled lizards
  11 kobolds
  6 rats
342 creatures vanquished.

Notes
Turn   | Place    | Note
-------+----------+-------------------------------------------
     0 | D:1      | qw the Gargoyle Fighter began the quest for the Orb.
     0 | D:1      | Reached XP level 1. HP: 14/14 MP: 1/1
     0 | D:1      | 0 ||| qw: Version: 0.3-a-5-g6f28e65
     0 | D:1      | 0 ||| qw: Game counter: 573
     0 | D:1      | 0 ||| qw: Always use a shield: true
     0 | D:1      | 0 ||| qw: God list: Okawaru
     0 | D:1      | 0 ||| qw: Allow faded altars: false
     0 | D:1      | 0 ||| qw: Do Orc after D:15 true
     0 | D:1      | 0 ||| qw: Do second Lair branch before Depths: true
     0 | D:1      | 0 ||| qw: Lair rune preference: random
     0 | D:1      | 0 ||| qw: Plans: Normal, Zot:1-4, Slime:5, God:TSO, Crypt,
                  | Tomb, Abyss, Pan, Hells, Win
     0 | D:1      | 0 ||| PLANNING D:1-11
    41 | D:1      | 41 ||| Stepping ~*~*~tactically~*~*~ (stealth).
    63 | D:1      | Reached skill level 2 in Axes
   161 | D:1      | Reached XP level 2. HP: 18/19 MP: 2/2
   280 | D:1      | Found a faded altar of an unknown god.
   608 | D:1      | Reached skill level 3 in Axes
   837 | D:1      | 837 ||| UPGRADING to +0 helmet.
   842 | D:1      | 842 ||| READING scroll labelled SAEG ILAUNA TUGA.
   874 | D:2      | 874 ||| FLEEEEING.
   875 | D:2      | 875 ||| FLEEEEING.
   876 | D:2      | 876 ||| FLEEEEING.
   889 | D:2      | Reached XP level 3. HP: 23/23 MP: 3/3
  1241 | D:2      | Reached XP level 4. HP: 26/28 MP: 4/4
  1344 | D:2      | Reached skill level 4 in Axes
  1855 | D:2      | 1855 ||| UPGRADING to +0 pair of boots.
  1860 | D:2      | 1860 ||| UPGRADING to ring of protection from fire.
  1904 | D:3      | 1904 ||| PLANNING SEWER
  1904 | D:3      | 1904 ||| Stepping ~*~*~tactically~*~*~ (hiding).
  2025 | D:3      | Found Kowadghil's Magic Scroll Shoppe.
  2033 | D:3      | 2033 ||| BUYING scroll of enchant weapon (97 gold).
  2033 | D:3      | Bought a scroll of enchant weapon for 97 gold pieces
  2033 | D:3      | 2033 ||| BUYING scroll of identify (26 gold).
  2033 | D:3      | Bought a scroll of identify for 26 gold pieces
  2033 | D:3      | 2033 ||| SHOPLISTING scroll of identify (26 gold, have 2).
  2033 | D:3      | 2033 ||| SHOPLISTING scroll of teleportation (39 gold, have
                  | 2).
  2033 | D:3      | 2033 ||| READING scroll of enchant weapon.
  2033 | D:3      | 2033 ||| ENCHANTING +0 war axe.
  2044 | D:3      | 2044 ||| READING scroll labelled RANOPS OSIOSS.
  2045 | D:3      | 2045 ||| READING 2 scrolls labelled WOJOES NILOES.
  2066 | D:3      | 2066 ||| READING scroll of enchant weapon.
  2066 | D:3      | 2066 ||| ENCHANTING +1 war axe of draining.
  2230 | D:3      | 2230 ||| Stepping ~*~*~tactically~*~*~ (hiding).
  2237 | D:3      | Reached XP level 5. HP: 32/32 MP: 5/5
  2433 | D:3      | Noticed an ogre
  2433 | D:3      | Noticed qw's ghost (amateur NaHu)
  2435 | D:3      | Found a transporter.
  2436 | D:3      | Noticed an ogre
  2450 | D:3      | 2450 ||| Stepping ~*~*~tactically~*~*~ (stealth).
  2458 | D:3      | Found a glowing drain.
  2459 | D:3      | 2459 ||| READING scroll labelled CEKLIG POEME.
  2460 | D:3      | 2460 ||| READING scroll labelled KOCOSHR OHIWAO.
  2463 | D:3      | 2463 ||| DRINKING 2 fizzy yellow potions.
  2464 | D:3      | 2464 ||| DROPPING scroll of noise.
  2515 | Sewer    | Entered a sewer
  2577 | Sewer    | Reached skill level 5 in Axes
  2629 | Sewer    | 2629 ||| Stepping ~*~*~tactically~*~*~ (water).
  2797 | Sewer    | 2797 ||| READING scroll of enchant weapon.
  2797 | Sewer    | 2797 ||| ENCHANTING +2 war axe of draining.
  2841 | Sewer    | 2841 ||| READING scroll labelled QYJ ZUYLUJ.
  2842 | Sewer    | 2842 ||| READING scroll labelled POWKODGH IWUPEJ.
  2863 | Sewer    | 2863 ||| READING 3 scrolls of identify.
  2863 | Sewer    | 2863 ||| IDENTIFYING amethyst potion
  2864 | Sewer    | 2864 ||| READING 2 scrolls of identify.
  2864 | Sewer    | 2864 ||| IDENTIFYING yellow potion
  2865 | Sewer    | 2865 ||| DROPPING potion of degeneration.
  2911 | D:3      | 2911 ||| PLANNING D:1-11
  3227 | D:3      | 3227 ||| READING 2 scrolls of identify.
  3227 | D:3      | 3227 ||| IDENTIFYING fuming golden potion
  3228 | D:3      | 3228 ||| DROPPING potion of brilliance.
  3330 | D:4      | Reached skill level 1 in Dodging
  3330 | D:4      | Reached XP level 6. HP: 34/38 MP: 6/6
  3567 | D:4      | 3567 ||| Stepping ~*~*~tactically~*~*~ (hiding).
  3584 | D:4      | 3584 ||| FLEEEEING.
  3585 | D:4      | 3585 ||| FLEEEEING.
  3620 | D:4      | 3620 ||| DROPPING +0 whip.
  3622 | D:4      | 3622 ||| Stepping ~*~*~tactically~*~*~ (stealth).
  3642 | D:4      | Found a staircase to the Ecumenical Temple.
  3643 | D:4      | 3643 ||| PLANNING TEMPLE
  3643 | D:4      | 3643 ||| READING scroll labelled NYOFARUZEE.
  3644 | D:4      | 3644 ||| DRINKING 3 glowing grey potions.
  3645 | D:4      | 3645 ||| DRINKING 3 ruby potions.
  3645 | D:4      | Gained mutation: You sometimes lose your temper in combat.
                  | [potion of mutation]
  3645 | D:4      | Gained mutation: You are vulnerable to cold. (rC-) [potion
                  | of mutation]
  3646 | D:4      | 3646 ||| DRINKING 2 potions of mutation.
  3646 | D:4      | Lost mutation: You are vulnerable to cold. (rC-) [potion of
                  | mutation]
  3646 | D:4      | Lost mutation: You sometimes lose your temper in combat.
                  | [potion of mutation]
  3646 | D:4      | Gained mutation: You are partially covered in iridescent
                  | scales. (AC +2) [potion of mutation]
  3646 | D:4      | Gained mutation: You are strong-willed. (Will+) [potion of
                  | mutation]
  3646 | D:4      | Gained mutation: Your body sometimes deteriorates upon
                  | taking damage. [potion of mutation]
  3646 | D:4      | Gained mutation: You expend magic power (3 MP) to
                  | strengthen your wands. [potion of mutation]
  3655 | Temple   | Entered the Ecumenical Temple
  3690 | Temple   | 3690 ||| PLANNING OKAWARU WORSHIP
  3946 | Temple   | Became a worshipper of Warmaster Okawaru
  3947 | Temple   | 3947 ||| PLANNING D:1-11
  3986 | D:4      | 3986 ||| Stepping ~*~*~tactically~*~*~ (stealth).
  3988 | D:4      | Noticed Blork the orc
  4000 | D:4      | HP: 3/38 [Blork the orc/+0 battleaxe (11)]
  4001 | D:4      | Killed Blork the orc
  4170 | D:4      | Reached skill level 6 in Axes
  4262 | D:4      | Reached XP level 7. HP: 43/43 MP: 7/7
  4377 | D:4      | 4377 ||| READING 2 scrolls of identify.
  4377 | D:4      | 4377 ||| IDENTIFYING green potion
  4405 | D:5      | Entered Level 5 of the Dungeon
  4410 | D:5      | 4410 ||| STAIRDANCE
  4417 | D:4      | Reached skill level 7 in Axes
  4604 | D:5      | 4604 ||| READING scroll of enchant weapon.
  4604 | D:5      | 4604 ||| ENCHANTING +3 war axe of draining.
  4607 | D:5      | 4607 ||| Stepping ~*~*~tactically~*~*~ (stealth).
  4818 | D:5      | 4818 ||| Stepping ~*~*~tactically~*~*~ (hiding).
  4819 | D:5      | 4819 ||| Stepping ~*~*~tactically~*~*~ (hiding).
  4825 | D:5      | Reached XP level 8. HP: 49/49 MP: 8/8
  4928 | D:5      | Reached * piety under Okawaru
  4929 | D:5      | Reached skill level 1 in Throwing
  5080 | D:5      | Reached skill level 1 in Invocations
  5266 | D:5      | 5266 ||| UPGRADING to +1 helmet.
  5276 | D:5      | 5276 ||| DROPPING +0 helmet.
  5277 | D:5      | 5277 ||| UPGRADING to +0 chain mail.
  5287 | D:5      | 5287 ||| DROPPING +0 scale mail.
  5288 | D:5      | 5288 ||| READING scroll labelled ARRIEN ISUANK.
  5289 | D:5      | 5289 ||| READING scroll labelled MAEMIA QACOESY.
  5470 | D:6      | 5470 ||| Stepping ~*~*~tactically~*~*~ (hiding).
  5472 | D:6      | 5472 ||| INVOKING Heroism.
  5485 | D:6      | 5485 ||| Stepping ~*~*~tactically~*~*~ (stealth).
  5617 | D:6      | Noticed Grinder
  5618 | D:6      | 5618 ||| Stepping ~*~*~tactically~*~*~ (hiding).
  5621 | D:6      | 5621 ||| INVOKING Heroism.
  5628 | D:6      | Killed Grinder
  5629 | D:6      | Reached skill level 8 in Axes
  5679 | D:6      | Reached skill level 3 in Invocations
  5788 | D:6      | Noticed Eustachio
  5789 | D:6      | 5789 ||| INVOKING Heroism.
  5803 | D:6      | Killed Eustachio
  5804 | D:6      | Reached XP level 9. HP: 55/55 MP: 9/12
  5942 | D:6      | 5942 ||| READING scroll of enchant armour.
  5942 | D:6      | 5942 ||| ENCHANTING +1 helmet.
  6066 | D:6      | Reached skill level 6 in Fighting
  6206 | D:6      | 6206 ||| UPGRADING to +0 plate armour.
  6216 | D:6      | 6216 ||| DROPPING +0 chain mail.
  6217 | D:6      | 6217 ||| READING scroll labelled ABOETE DUSOFE.
  6320 | D:7      | Noticed a troll
  6321 | D:7      | 6321 ||| INVOKING Heroism.
  6323 | D:7      | Killed a troll
  6336 | D:7      | Noticed Duvessa
  6337 | D:7      | Noticed Dowan
  6338 | D:7      | 6338 ||| Stepping ~*~*~tactically~*~*~ (hiding).
  6341 | D:7      | Killed Duvessa
  6341 | D:7      | Reached ** piety under Okawaru
  6345 | D:7      | 6345 ||| INVOKING Heroism.
  6348 | D:7      | Killed Dowan
  6413 | D:7      | 6413 ||| INVOKING Heroism.
  6511 | D:7      | Reached skill level 9 in Axes
  6671 | D:7      | Reached skill level 3 in Throwing
  6677 | D:7      | 6677 ||| Stepping ~*~*~tactically~*~*~ (stealth).
  6678 | D:7      | 6678 ||| Stepping ~*~*~tactically~*~*~ (stealth).
  6680 | D:7      | 6680 ||| Stepping ~*~*~tactically~*~*~ (stealth).
  7050 | D:7      | 7050 ||| UPGRADING to +0 pair of gloves.
  7084 | D:8      | Found a transporter.
  7084 | D:8      | Found a transporter.
  7085 | D:8      | 7085 ||| Stepping randomly (stuck).
  7361 | D:8      | 7361 ||| Stepping ~*~*~tactically~*~*~ (hiding).
  7370 | D:8      | Reached skill level 6 in Armour
  7381 | D:8      | 7381 ||| READING scroll of enchant armour.
  7381 | D:8      | 7381 ||| ENCHANTING +0 pair of gloves.
  7389 | D:8      | Noticed Gastronok
  7390 | D:8      | 7390 ||| INVOKING Heroism.
  7410 | D:8      | Killed Gastronok
  7410 | D:8      | Reached *** piety under Okawaru
  7411 | D:8      | Reached XP level 10. HP: 62/65 MP: 13/13
  7488 | D:8      | 7488 ||| DROPPING +0 hand axe.
  7627 | D:8      | Found a flagged portal.
  7758 | D:8      | 7758 ||| Stepping ~*~*~tactically~*~*~ (stealth).
  7880 | D:8      | Reached **** piety under Okawaru
  7935 | D:8      | Found a burning altar of Makhleb.
  7937 | D:8      | Noticed a blizzard demon
  8104 | D:8      | 8104 ||| READING 2 scrolls labelled RINOZ CUYKLU.
  8105 | D:8      | 8105 ||| READING 3 scrolls of identify.
  8105 | D:8      | 8105 ||| IDENTIFYING red potion
  8106 | D:8      | 8106 ||| DROPPING scroll of amnesia.
  8107 | D:8      | 8107 ||| DROPPING potion of invisibility.
  8182 | D:9      | 8182 ||| Stepping ~*~*~tactically~*~*~ (stealth).
  8192 | D:9      | 8192 ||| INVOKING Heroism.
  8196 | D:9      | Reached skill level 10 in Axes
  8324 | D:9      | Found a glowing golden altar of the Shining One.
  8400 | D:9      | 8400 ||| INVOKING Heroism.
  8403 | D:9      | Found a shimmering altar of Xom.
  8409 | D:9      | Noticed a two-headed ogre
  8417 | D:9      | Reached skill level 6 in Invocations
  8423 | D:9      | Killed a two-headed ogre
  8424 | D:9      | Reached XP level 11. HP: 33/69 MP: 14/16
  8446 | D:9      | Noticed a two-headed ogre
  8447 | D:9      | 8447 ||| INVOKING Heroism.
  8457 | D:9      | Killed a two-headed ogre
  8514 | D:9      | 8514 ||| FLEEEEING.
  8515 | D:9      | 8515 ||| FLEEEEING.
  8578 | D:9      | Noticed a two-headed ogre
  8579 | D:9      | 8579 ||| Stepping ~*~*~tactically~*~*~ (stealth).
  8580 | D:9      | 8580 ||| INVOKING Heroism.
  8592 | D:9      | Killed a two-headed ogre
  8592 | D:9      | Reached ***** piety under Okawaru
  8682 | D:9      | Noticed a two-headed ogre
  8684 | D:9      | 8684 ||| INVOKING Heroism.
  8695 | D:9      | Killed a two-headed ogre
  8793 | D:9      | 8793 ||| Stepping ~*~*~tactically~*~*~ (hiding).
  9039 | D:9      | 9039 ||| READING scroll labelled YDGHUXOARUGU.
  9040 | D:9      | 9040 ||| DRINKING 2 murky emerald potions.
  9067 | D:9      | 9067 ||| READING 2 scrolls of identify.
  9067 | D:9      | 9067 ||| IDENTIFYING silvery potion
  9087 | D:10     | Entered Level 10 of the Dungeon
  9132 | D:10     | Received a gift from Okawaru
  9208 | D:10     | Reached skill level 11 in Axes
  9389 | D:10     | 9389 ||| Stepping ~*~*~tactically~*~*~ (hiding).
  9392 | D:10     | 9392 ||| INVOKING Heroism.
  9484 | D:10     | Found a staircase to the Lair.
  9493 | D:10     | 9493 ||| Stepping ~*~*~tactically~*~*~ (stealth).
  9495 | D:10     | 9495 ||| Stepping ~*~*~tactically~*~*~ (hiding).
  9602 | D:10     | 9602 ||| Stepping ~*~*~tactically~*~*~ (stealth).
  9618 | D:10     | Reached skill level 9 in Invocations
  9938 | D:10     | 9938 ||| PLANNING LAIR
  9973 | Lair:1   | Entered Level 1 of the Lair of Beasts
  9994 | Lair:1   | 9994 ||| INVOKING Heroism.
 10038 | Lair:1   | Reached skill level 9 in Fighting
 10165 | Lair:1   | 10165 ||| INVOKING Heroism.
 10186 | Lair:1   | 10186 ||| Stepping ~*~*~tactically~*~*~ (stealth).
 10187 | Lair:1   | 10187 ||| Stepping ~*~*~tactically~*~*~ (stealth).
 10222 | Lair:1   | 10222 ||| Stepping ~*~*~tactically~*~*~ (stealth).
 10224 | Lair:1   | 10224 ||| INVOKING Heroism.
 10231 | Lair:1   | Reached XP level 12. HP: 41/76 MP: 17/19
 10274 | Lair:1   | 10274 ||| Stepping ~*~*~tactically~*~*~ (stealth).
 10275 | Lair:1   | 10275 ||| Stepping ~*~*~tactically~*~*~ (stealth).
 10337 | Lair:1   | Received a gift from Okawaru
 10357 | Lair:1   | 10357 ||| READING scroll of enchant armour.
 10357 | Lair:1   | 10357 ||| ENCHANTING +1 pair of gloves.
 10453 | Lair:1   | 10453 ||| INVOKING Heroism.
 10943 | Lair:1   | 10943 ||| DROPPING +2 chain mail of willpower.
 10944 | Lair:1   | 10944 ||| UPGRADING to amulet of reflection.
 11047 | Lair:2   | 11047 ||| Stepping ~*~*~tactically~*~*~ (stealth).
 11048 | Lair:2   | 11048 ||| INVOKING Heroism.
 11104 | Lair:2   | 11104 ||| Stepping ~*~*~tactically~*~*~ (stealth).
 11105 | Lair:2   | 11105 ||| INVOKING Heroism.
 11111 | Lair:2   | 11111 ||| Stepping ~*~*~tactically~*~*~ (stealth).
 11113 | Lair:2   | 11113 ||| Stepping ~*~*~tactically~*~*~ (stealth).
 11114 | Lair:2   | 11114 ||| Stepping ~*~*~tactically~*~*~ (stealth).
 11115 | Lair:2   | 11115 ||| Stepping ~*~*~tactically~*~*~ (stealth).
 11116 | Lair:2   | 11116 ||| Stepping ~*~*~tactically~*~*~ (stealth).
 11117 | Lair:2   | 11117 ||| Stepping ~*~*~tactically~*~*~ (stealth).
 11122 | Lair:2   | Reached skill level 12 in Axes
 11130 | Lair:2   | 11130 ||| Stepping ~*~*~tactically~*~*~ (stealth).
 11150 | Lair:2   | 11150 ||| INVOKING Heroism.
 11168 | Lair:2   | 11168 ||| READING scroll of enchant weapon.
 11168 | Lair:2   | 11168 ||| ENCHANTING +4 war axe of draining.
 11211 | Lair:2   | 11211 ||| INVOKING Heroism.
 11243 | Lair:2   | Noticed a death yak
 11243 | Lair:2   | Noticed a death yak
 11243 | Lair:2   | Noticed a death yak
 11244 | Lair:2   | 11244 ||| INVOKING Heroism.
 11256 | Lair:2   | Killed a death yak
 11259 | Lair:2   | Killed a death yak
 11260 | Lair:2   | Reached skill level 9 in Armour
 11263 | Lair:2   | Killed a death yak
 11264 | Lair:2   | Reached skill level 6 in Shields
 11390 | Lair:2   | 11390 ||| Stepping ~*~*~tactically~*~*~ (stealth).
 11495 | Lair:2   | Found a staircase to the Shoals.
 11495 | Lair:2   | Noticed a six-headed hydra
 11496 | Lair:2   | 11496 ||| INVOKING Heroism.
 11498 | Lair:2   | 11498 ||| SWAPPING to +0 flail.
 11510 | Lair:2   | Killed a six-headed hydra
 11511 | Lair:2   | 11511 ||| SWAPPING to +5 war axe of draining.
 11640 | Lair:2   | Noticed a seven-headed hydra
 11641 | Lair:2   | 11641 ||| INVOKING Heroism.
 11647 | Lair:2   | 11647 ||| SWAPPING to +0 flail.
 11660 | Lair:2   | Killed a seven-headed hydra
 11661 | Lair:2   | 11661 ||| SWAPPING to +5 war axe of draining.
 11810 | Lair:2   | 11810 ||| SWAPPING to +0 broad axe.
 11811 | Lair:2   | 11811 ||| DROPPING +2 war axe.
 11812 | Lair:2   | 11812 ||| DROPPING +5 war axe of draining.
 12084 | Lair:2   | 12084 ||| UPGRADING to +1 pair of boots.
 12094 | Lair:2   | 12094 ||| DROPPING +0 pair of boots.
 12095 | Lair:2   | 12095 ||| READING scroll labelled FOUNYO OTEPIGGIS.
 12326 | Lair:3   | 12326 ||| INVOKING Heroism.
 12422 | Lair:3   | Found a dark tunnel.
 12637 | Lair:3   | 12637 ||| INVOKING Heroism.
 12639 | Lair:3   | Reached XP level 13. HP: 51/82 MP: 17/20
 12999 | Lair:3   | 12999 ||| Stepping ~*~*~tactically~*~*~ (stealth).
 13009 | Lair:3   | Reached skill level 13 in Axes
 13017 | Lair:3   | 13017 ||| INVOKING Heroism.
 13123 | Lair:3   | 13123 ||| Stepping ~*~*~tactically~*~*~ (hiding).
 13125 | Lair:3   | Found a staircase to the Snake Pit.
 13224 | Lair:3   | 13224 ||| INVOKING Heroism.
 13600 | Lair:4   | 13600 ||| INVOKING Heroism.
 13601 | Lair:4   | 13601 ||| SWAPPING to +0 flail.
 13613 | Lair:4   | 13613 ||| SWAPPING to +0 broad axe.
 13702 | Lair:4   | 13702 ||| INVOKING Heroism.
 13755 | Lair:4   | 13755 ||| INVOKING Heroism.
 13828 | Lair:4   | 13828 ||| Stepping ~*~*~tactically~*~*~ (stealth).
 13829 | Lair:4   | 13829 ||| Stepping ~*~*~tactically~*~*~ (stealth).
 13830 | Lair:4   | 13830 ||| Stepping ~*~*~tactically~*~*~ (stealth).
 13833 | Lair:4   | 13833 ||| Stepping ~*~*~tactically~*~*~ (hiding).
 13858 | Lair:4   | 13858 ||| Stepping ~*~*~tactically~*~*~ (stealth).
 13865 | Lair:4   | 13865 ||| INVOKING Heroism.
 13868 | Lair:4   | HP: 20/82 [death yak simulacrum (30)]
 13869 | Lair:4   | 13869 ||| READING 2 scrolls of teleportation.
 13871 | Lair:4   | Received a gift from Okawaru
 13952 | Lair:4   | 13952 ||| Stepping ~*~*~tactically~*~*~ (stealth).
 13960 | Lair:4   | 13960 ||| Stepping ~*~*~tactically~*~*~ (stealth).
 13961 | Lair:4   | 13961 ||| INVOKING Heroism.
 14004 | Lair:4   | 14004 ||| Stepping ~*~*~tactically~*~*~ (stealth).
 14005 | Lair:4   | 14005 ||| Stepping ~*~*~tactically~*~*~ (stealth).
 14006 | Lair:4   | 14006 ||| Stepping ~*~*~tactically~*~*~ (stealth).
 14008 | Lair:4   | 14008 ||| Stepping ~*~*~tactically~*~*~ (stealth).
 14029 | Lair:4   | 14029 ||| Stepping ~*~*~tactically~*~*~ (stealth).
 14052 | Lair:4   | 14052 ||| Stepping ~*~*~tactically~*~*~ (stealth).
 14055 | Lair:4   | 14055 ||| Stepping ~*~*~tactically~*~*~ (stealth).
 14141 | Lair:4   | 14141 ||| INVOKING Heroism.
 14143 | Lair:4   | 14143 ||| SWAPPING to +0 flail.
 14154 | Lair:4   | 14154 ||| SWAPPING to +0 broad axe.
 14289 | Lair:4   | 14289 ||| INVOKING Heroism.
 14403 | Lair:4   | 14403 ||| Stepping ~*~*~tactically~*~*~ (stealth).
 14472 | Lair:4   | 14472 ||| Stepping ~*~*~tactically~*~*~ (stealth).
 14561 | Lair:4   | 14561 ||| INVOKING Heroism.
 14601 | Lair:4   | 14601 ||| Stepping ~*~*~tactically~*~*~ (stealth).
 14602 | Lair:4   | 14602 ||| Stepping ~*~*~tactically~*~*~ (stealth).
 14609 | Lair:4   | Received a gift from Okawaru
 14610 | Lair:4   | 14610 ||| Stepping ~*~*~tactically~*~*~ (stealth).
 14624 | Lair:4   | 14624 ||| INVOKING Heroism.
 14705 | Lair:4   | 14705 ||| Stepping ~*~*~tactically~*~*~ (stealth).
 14799 | Lair:4   | 14799 ||| INVOKING Heroism.
 14820 | Lair:4   | 14820 ||| Stepping ~*~*~tactically~*~*~ (stealth).
 14822 | Lair:4   | 14822 ||| Stepping ~*~*~tactically~*~*~ (stealth).
 14843 | Lair:4   | Reached skill level 14 in Axes
 14874 | Lair:4   | 14874 ||| INVOKING Heroism.
 14879 | Lair:4   | 14879 ||| UPGRADING to ring of willpower.
 15238 | Lair:5   | Entered Level 5 of the Lair of Beasts
 15242 | Lair:5   | 15242 ||| INVOKING Heroism.
 15407 | Lair:5   | Found a viscous altar of Jiyva.
 15408 | Lair:5   | Found a staircase to the Slime Pits.
 15543 | Lair:5   | 15543 ||| INVOKING Heroism.
 15590 | Lair:5   | 15590 ||| SWAPPING to +0 flail.
 15595 | Lair:5   | HP: 19/83 [spriggan rider/+0 spear (9)]
 15596 | Lair:5   | 15596 ||| READING 3 scrolls of teleportation.
 15596 | Lair:5   | HP: 9/83 [spriggan rider/+0 spear (9)]
 15597 | Lair:5   | Slain by a four-headed hydra

Levels and vault maps discovered:
D:1:      scummos_arrival_gate, layout_basic,
          hellmonk_ecumenical_altar_heavens_door
D:2:      layout_basic, serial_bayou_ford_a, minmay_3d_cube
D:3:      layout_loops_cross, portal_sewer_entry_b, gammafunk_ghost_smash,
          serial_shops, shop_scrolls, hangedman_decor_diamond_cutter,
          minmay_strange_pillars, grunt_ministairs_11
D:4:      layout_gridville, temple_hall, uniq_blork_the_orc
D:5:      layout_cave_pods, minmay_hedge_maze, st_stairs_7,
          minmay_misc_feat_nine_boxes
D:6:      layout_loops_corners, uniq_grinder, uniq_eustachio
D:7:      layout_gridville, uniq_duvessa
D:8:      kennysheep_spiral_hall, layout_basic, makhleb_altar_promises_db,
          enter_bailey_7, nicolae_diode_stairs, uniq_gastronok
D:9:      layout_cave_pools, hangedman_feature_mirror,
          nicolae_kite_square_tiling_tiny, kennysheep_nub
D:10:     layout_loops_ring, lair_entry_dummy
Temple:   regret_index_temple_sigil_plot
Lair:1:   layout_roguey, hangedman_lair_unloving_vines,
          infiniplex_staircase_pool_2
Lair:2:   layout_roguey, minmay_shoals_entry_hut, grunt_megastairs_1
Lair:3:   layout_cave_shapes, nicolae_snake_entry_squirm,
          nicolae_volcano_entry_batcave
Lair:4:   layout_misc_corridors, portal_ice_cave_entry_ice_simulacra,
          cheibrodos_lair_reptile_den, serial_bayou_shore_b
Lair:5:   minmay_lair_end_enchanted_forest, layout_regular_city,
          nicolae_slime_entry_slimehenge

Skill      XL: |  1  2  3  4  5  6  7  8  9 10 11 12 13 |
---------------+----------------------------------------+-----
Axes           | 2 3 4 5 6 7 8 9 10 11 12 14 | 14.0
Fighting       | 4 5 8 9 10 | 10.4
Dodging        | 1 2 |  2.0
Throwing       | 2 3 4 5 |  5.1
Invocations    | 4 6 9 10 | 10.0
Armour         | 4 6 7 8 9 10 | 10.0
Shields        | 4 5 6 |  6.8

Action                     |  1- 3 |  4- 6 |  7- 9 | 10-12 | 13-15 || total
---------------------------+-------+-------+-------+-------+-------++-------
  Melee: War axe           |   145 |   134 |   167 |   380 |       ||   826
         Broad axe         |       |       |       |    85 |   280 ||   365
         Flail             |       |       |       |    23 |    27 ||    50
  Throw: Javelin           |       |       |    36 |    39 |    20 ||    95
         Boomerang         |       |       |     3 |     9 |       ||    12
 Invoke: Heroism           |       |       |     7 |    19 |    15 ||    41
    Use: Scroll            |     1 |    13 |     7 |     7 |     2 ||    30
         Potion            |       |     4 |       |     1 |       ||     5
 Armour: Scale mail        |    74 |    67 |    22 |       |       ||   163
         Chain mail        |       |       |    29 |       |       ||    29
         Plate armour      |       |       |    28 |   334 |   185 ||   547
  Dodge: Dodged            |    61 |    58 |    42 |   142 |   114 ||   417
  Block: Buckler           |    30 |    17 |    26 |   190 |   167 ||   430
         Reflection        |       |       |       |       |     1 ||     1

Table legend:
 A = Non-vault XP
 B = Vault XP
 C = Vault XP percentage of total XP
 D = Non-vault monster count
 E = Vault monster count
 F = Vault count percentage of total count
                 A         B        C        D         E       F
            +---------+---------+-------+---------+---------+-------
      Total |   37614 |    8631 |  18.7 |     265 |      77 |  22.5
            +---------+---------+-------+---------+---------+-------
        D:1 |      31 |       0 |   0.0 |      20 |       0 |   0.0
        D:2 |      66 |      21 |  24.1 |      19 |       4 |  17.4
        D:3 |      63 |      30 |  32.3 |       8 |       5 |  38.5
        D:4 |     545 |      96 |  15.0 |      17 |       1 |   5.6
        D:5 |     355 |      89 |  20.0 |      10 |       2 |  16.7
        D:6 |     710 |     498 |  41.2 |      13 |       2 |  13.3
        D:7 |    1206 |     218 |  15.3 |      16 |       2 |  11.1
        D:8 |     959 |    1834 |  65.7 |      11 |       9 |  45.0
        D:9 |    5521 |     226 |   3.9 |      33 |       2 |   5.7
       D:10 |    3692 |       0 |   0.0 |      27 |       0 |   0.0
     Lair:1 |    2813 |       0 |   0.0 |      11 |       0 |   0.0
     Lair:2 |    8950 |    1230 |  12.1 |      28 |       3 |   9.7
     Lair:3 |    5168 |    1034 |  16.7 |      26 |       6 |  18.8
     Lair:4 |    7017 |    1505 |  17.7 |      24 |      12 |  33.3
     Lair:5 |     518 |    1771 |  77.4 |       2 |      13 |  86.7
      Sewer |       0 |      79 | 100.0 |       0 |      16 | 100.0
            +---------+---------+-------+---------+---------+-------
